 Dungeon Crawl Stone Soup version 0.31-a0-431-g88bdf31460 (webtiles) character file.

Game seed: 8433915084479836184

61 Anon1729 the Trooper (level 3, -1/33 HPs)
             Began as a Minotaur Monk on July 31, 2023.
             Slain by a gnoll
             ... wielding a +0 halberd
              (4 damage)
             ... on level 3 of the Dungeon.
             The game lasted 00:00:59 (806 turns).

Anon1729 the Trooper (Minotaur Monk)                 Turns: 806, Time: 00:01:00

Health: -1/33      AC:  5    Str: 15    XL:     3   Next: 83%
Magic:  0/2        EV: 13    Int: 13    God:
Gold:   59         SH:  0    Dex: 14    Spells: 2/2 levels left

rFire   . . .        a - +0 short sword
rCold   + . .        d - orb {light}
rNeg    . . .        h - +2 leather armour {rC+}
rPois   .            (helmet restricted)
rElec   .            (no cloak)
rCorr   .            (no gloves)
SInv    .            (no boots)
Will    .....        l - amulet of guardian spirit
Stlth   +            j - +6 ring of intelligence
HPRegen 0.25/turn    (no ring)
MPRegen 0.08/turn

%: guardian spirit
@: glowing
A: horns 2, retaliatory headbutt
a: no special abilities


You were on level 3 of the Dungeon.
You visited 1 branch of the dungeon, and saw 3 of its levels.

You collected 59 gold pieces.

Inventory:

Hand Weapons
 a - a +0 short sword (weapon)
Armour
 b - a +0 robe
 d - an orb of light (worn)
 h - a +2 leather armour of cold resistance (worn)
Jewellery
 j - a +6 ring of intelligence (left hand)
 l - an amulet of guardian spirit (around neck)
Scrolls
 e - 2 scrolls of enchant armour {unknown}
 i - a scroll of enchant weapon {unknown}
Potions
 c - 2 potions of ambrosia
 f - 2 potions of attraction {unknown}
 g - a potion of brilliance {unknown}
 k - a potion of degeneration {unknown}
 m - a potion of magic {unknown}
 n - a potion of might {unknown}
 o - a potion of curing {unknown}


   Skills:
 + Level 4.2 Fighting
 + Level 3.7 Short Blades
 + Level 1.6 Armour
 + Level 3.8 Dodging
 + Level 1.1 Stealth


You had 2 spell levels left.
You didn't know any spells.
Your spell library was empty.

Dungeon Overview and Level Annotations

Branches:
Dungeon (2/15)

Altars:


Innate Abilities, Weirdness & Mutations

You have a pair of horns on your head.
You reflexively headbutt those who attack you in melee.


Message History

You kill the kobold!
The gnoll hits you from afar with a +0 halberd.
The gnoll closely misses you.
Found a hand axe.
The gnoll hits you with a +0 club. The gnoll barely misses you.
The gnoll hits you from afar with a +0 spear.
The gnoll hits you with a +0 spear!
You see here 10 gold pieces.
You are too injured to fight recklessly!
You are too injured to fight recklessly!
You are too injured to fight recklessly!
You are too injured to fight recklessly!
You are too injured to fight recklessly!
You are too injured to fight recklessly!
You are too injured to fight recklessly!
You are too injured to fight recklessly!
You are too injured to fight recklessly!
You are too injured to fight recklessly!
You are too injured to fight recklessly!
You are too injured to fight recklessly!
You are too injured to fight recklessly!
You are too injured to fight recklessly!
You are too injured to fight recklessly!
You are too injured to fight recklessly!
You are too injured to fight recklessly!
You are too injured to fight recklessly!
You are too injured to fight recklessly!
You are too injured to fight recklessly!
You are too injured to fight recklessly!
The gnoll attacks as you move away! The gnoll hits you with a +0 club.
The gnoll attacks as you move away! The gnoll hits you with a +0 spear.
* * * LOW HITPOINT WARNING * * *
The gnoll barely misses you.
The gnoll hits you from afar with a +0 spear.
* * * LOW HITPOINT WARNING * * *
The gnoll hits you but does no damage. The gnoll attacks as you move away!
The gnoll hits you with a +0 club.
* * * LOW HITPOINT WARNING * * *
The gnoll attacks as you move away! The gnoll hits you with a +0 halberd.
You die...

....#######
######+##
..........#
#........
..........#
#...!....
..........#
#........
.....(....#
#........ #........#
#.g..!...
#.......####ggg.....
#..........@g.......
#.......###.gg......
#.......# #........)
######### #.........
###..##.## #.# .# ..
# ###


You could see 7 gnolls.

Vanquished Creatures
  An adder (D:2)
  A dart slug (D:1)
  3 ball pythons
  2 bats (D:1)
  8 endoplasms
  2 giant cockroaches (D:1)
  3 goblins
  2 hobgoblins
  7 jackals (D:1)
  3 quokkas
  3 kobolds
  7 rats
42 creatures vanquished.

Notes
Turn   | Place    | Note
-------+----------+-------------------------------------------
     0 | D:1      | Anon1729 the Minotaur Monk began the quest for the Orb.
     0 | D:1      | Reached XP level 1. HP: 19/19 MP: 0/0
   216 | D:1      | Reached XP level 2. HP: 27/27 MP: 1/1
   228 | D:1      | Reached skill level 1 in Armour
   341 | D:1      | Reached skill level 4 in Fighting
   363 | D:1      | Reached XP level 3. HP: 33/33 MP: 2/2
   681 | D:2      | Reached skill level 1 in Stealth
   795 | D:2      | You fall into a shaft and drop 1 floor!
   806 | D:3      | Slain by a gnoll

Illustrated notes

Levels and vault maps discovered:
D:1:      dpeg_arrival_ratfight, layout_basic, corexii_corridor_pit
D:2:      layout_basic, basic_altar, uniq_terence
D:3:      layout_basic, nicolae_hepliaklqana_monster_ancestors, slow_altar_2,
          mainiacjoe_overflow_surrounded_room, skrybe_limestone_x,
          chequers_serial_rivers_micro_b, uniq_grinder

Skill      XL: |  1  2  3 |
---------------+----------+-----
Armour         | 1 |  1.6
Fighting       | 4 |  4.2
Stealth        | 1 |  1.1
Short Blades   | |  3.7
Dodging        | |  3.8

Action                     || total
---------------------------++-------
  Melee: Short sword       ||    80
         Headbutt          ||    20
 Armour: Leather armour    ||    14
  Dodge: Dodged            ||    43

Table legend: (Time is in decaauts)
 A = Elapsed time spent in this place.
 B = Non-inter-level travel time spent in this place.
 C = Inter-level travel time spent in this place.
 D = Time resting spent in this place.
 E = Time spent auto-exploring this place.
 F = Levels seen in this place.
 G = Mean time per level.
                   A        B        C        D        E       F      G
               +--------+--------+--------+--------+--------+-----+--------+
         Total |    790 |    775 |     15 |      0 |    588 |   3 |  263.3 |
       Dungeon |    790 |    775 |     15 |      0 |    588 |   3 |  263.3 |
               +--------+--------+--------+--------+--------+-----+--------+

Top non-repeatable levels by time:
     D:1: 569 daAuts
     D:2: 211 daAuts
     D:3: 10 daAuts
